 Dungeon Crawl Stone Soup version 0.18.1-50-g88ac8fd (webtiles) character file.

390 Gorglomux the Sneak (level 6, 0/28 HPs)
             Began as a Vine Stalker Enchanter on Oct 30, 2016.
             Shot with an arrow by a centaur (13 damage)
             ... on level 5 of the Dungeon.
             The game lasted 00:08:53 (2764 turns).

Gorglomux the Sneak (Vine Stalker Enchanter)        Turns: 2764, Time: 00:08:54

Health: 0/28       AC:  3    Str: 10    XL:     6   Next: 80%
Magic:  0/10       EV: 12    Int: 17    God:
Gold:   149        SH:  0    Dex: 15    Spells: 4 memorised, 0 levels left

rFire  . . .     SeeInvis .     a - +1 dagger
rCold  . . .     Gourm    .     b - +1 robe
rNeg   . . .     Faith    .     (no shield)
rPois  .         Spirit   +     (no helmet)
rElec  .         Dismiss  .     (no cloak)
rCorr  .         Reflect  .     (no gloves)
SustAt .         Harm     .     (no boots)
MR     .....                    (no amulet)
Stlth  ++++......               (no ring)
                                (no ring)

@: not resistant to hostile enchantments, stealthy
A: fangs 2, regeneration 2, magic shield, antimagic bite, no device heal 3, rot
immunity
a: no special abilities


You were on level 5 of the Dungeon.
You were hungry.

You visited 1 branch of the dungeon, and saw 5 of its levels.

You collected 149 gold pieces.

Inventory:

Hand Weapons
 a - a +1 dagger (weapon)
Missiles
 l - 2 poisoned needles
 s - 3 needles of paralysis
Armour
 b - a +1 robe (worn)
Scrolls
 e - 2 scrolls of remove curse {unknown}
 f - a scroll of enchant armour {unknown}
 j - 4 scrolls of identify {unknown}
 q - a scroll of blinking {unknown}
 r - a scroll of fog {unknown}
 u - a scroll of amnesia {unknown}
 v - a scroll of recharging {unknown}
Potions
 g - a potion of haste {unknown}
 h - a potion of heal wounds {unknown}
 i - a potion of agility {unknown}
 n - a potion of degeneration {unknown}
 o - a potion of mutation {unknown}
 p - a potion of curing {unknown}
Books
 c - a book of Maledictions

   Spells                             Type                      Level
   a - Corona                         Hexes                        1
   b - Ensorcelled Hibernation        Hexes/Ice                    2
   c - Confuse                        Hexes                        3
   d - Tukima's Dance                 Hexes                        3
   e - Dazzling Spray                 Conjuration/Hexes            3
Comestibles
 d - 4 bread rations
 k - 2 beef jerkies
 m - 5 fruits
 t - a chunk of flesh


   Skills:
 + Level 4.2 Short Blades
 - Level 1.5 Dodging
 + Level 7.3 Stealth
 - Level 2.1 Spellcasting
 - Level 3.0 Hexes


You couldn't memorise any spells.
You knew the following spells:

 Your Spells              Type           Power        Failure   Level  Hunger
a - Corona                Hex            ##.....      6%          1    #......
b - Ensorcelled Hibernat  Hex/Ice        #.....       17%         2    ###....
c - Confuse               Hex            ##......     17%         3    ###....
d - Tukima's Dance        Hex            ##......     17%         3    ###....


Dungeon Overview and Level Annotations

Branches:
Dungeon (5/15)
 Temple: D:4-7

Altars:
Okawaru
Pakellas
Xom


Innate Abilities, Weirdness & Mutations

You have extremely sharp teeth.
You heal very quickly.
When hurt, damage is shared between your health and your magic reserves.
Your bite disrupts and absorbs the magic of your enemies.
Potions and wands cannot restore your health.
You are immune to rotting.


Message History

Okay, then.
You see here an arrow.
Casting: Confuse
Confirm with . or Enter, or press ? or * to list all spells.
Aiming: Tukima's Dance
Press: ? - help, Shift-Dir - straight line, f - centaur
Aim: a centaur, wielding a shortbow (hasn't noticed you, not susceptible)
The centaur resists with some effort.
You are feeling hungry.
The centaur shoots an arrow.
The arrow hits you!
Casting: Tukima's Dance
Confirm with . or Enter, or press ? or * to list all spells.
Aiming: Tukima's Dance
Press: ? - help, Shift-Dir - straight line, f/p - centaur
Aim: a centaur, wielding a shortbow (not susceptible)
Okay, then.
The centaur shoots an arrow.
The arrow hits you!
You see here an arrow.
The centaur shoots an arrow.
The arrow hits you!
You die...

#......# ##......#
#.......# . #..(....#
..#######.......#
....c...(....####
........#(####
........#.########
........#..c...@.#
#'#####.########.#
#.....# #.######
#+#########.# #......#
.......(..#.#########.#
.c.....##.#.......# #.#
.....%. #....####.# #.#
....... #....#### #.#
..(.... #......(. #.#


You could see a centaur.

Vanquished Creatures
  2 ogres (D:4)
  A hound (D:4)
  An orc wizard (D:4)
  Natasha (twice) (D:3)
  5 adders
  A howler monkey skeleton (D:4)
  An ooze (D:3)
  A worm (D:3)
  A dart slug (D:1)
  2 giant geckos
  10 orcs
  4 bats
  A giant cockroach (D:3)
  4 goblins
  5 hobgoblins
  2 jackals (D:3)
  A quokka (D:3)
  A ball python (D:3)
  5 giant newts
  4 kobolds
  8 rats
62 creatures vanquished.

Notes
Turn   | Place    | Note
--------------------------------------------------------------
     0 | D:1      | Gorglomux the Vine Stalker Enchanter began the quest for the Orb.
     0 | D:1      | Reached XP level 1. HP: 9/9 MP: 4/4
    90 | D:1      | Reached skill level 1 in Short Blades
   227 | D:1      | Reached skill level 4 in Stealth
   227 | D:1      | Reached XP level 2. HP: 11/13 MP: 6/6
   332 | D:1      | Learned a level 2 spell: Ensorcelled Hibernation
   685 | D:2      | Found a shimmering altar of Xom.
   832 | D:3      | Noticed Natasha
   836 | D:3      | Killed Natasha
   836 | D:3      | Reached skill level 5 in Stealth
   836 | D:3      | Reached XP level 3. HP: 16/16 MP: 2/7
   943 | D:3      | Reached XP level 4. HP: 21/21 MP: 5/8
  1399 | D:3      | Noticed Natasha
  1401 | D:3      | Killed Natasha
  1401 | D:3      | Reached XP level 5. HP: 24/24 MP: 9/9
  1501 | D:3      | Learned a level 3 spell: Confuse
  1735 | D:4      | Noticed an ogre
  1763 | D:4      | Killed an ogre
  1763 | D:4      | Reached skill level 6 in Stealth
  1778 | D:4      | Found an oddly glowing altar of Pakellas.
  1799 | D:4      | Gained mutation: You heal very quickly. [Vine Stalker growth]
  1799 | D:4      | Reached XP level 6. HP: 27/28 MP: 8/10
  1983 | D:4      | Reached skill level 7 in Stealth
  2350 | D:4      | Found an iron altar of Okawaru.
  2370 | D:5      | Entered Level 5 of the Dungeon
  2743 | D:5      | Learned a level 3 spell: Tukima's Dance
  2764 | D:5      | Shot with an arrow by a centaur

Skill      XL: |  1  2  3  4  5  6 |
---------------+-------------------+-----
Short Blades   | 1 2 3 4 |  4.2
Stealth        | 4 5 6 7 |  7.3
Dodging        | |  1.5
Spellcasting   | |  2.1
Hexes          | |  3.0

Action                   |  1- 3 |  4- 6 || total
-------------------------+-------+-------++-------
Melee: Dagger            |    46 |   105 ||   151
       Bite              |     7 |    29 ||    36
 Cast: Corona            |     9 |     4 ||    13
       Ensorcelled Hiber |     7 |    18 ||    25
       Confuse           |       |    14 ||    14
       Tukima's Dance    |       |     1 ||     1
 Stab: Sleeping          |    11 |    21 ||    32
       Distracted        |       |     2 ||     2
       Confused          |       |     2 ||     2
  Eat: Chunk             |     1 |     8 ||     9
Armor: Robe              |     7 |    17 ||    24
Dodge: Dodged            |    23 |    51 ||    74
